 Dungeon Crawl Stone Soup version 0.30-a0-354-g6b83867211 (webtiles) character file.

Game seed: 13537907361407910028

2184 Lanoc the Destroyer (level 9, -7/45 HPs)
             Began as a Deep Elf Conjurer on Nov 7, 2022.
             Was an Elder of Cheibriados.
             Killed from afar by a steam dragon (10 damage)
             ... with a ball of steam
             ... on level 8 of the Dungeon.
             The game lasted 00:10:34 (7136 turns).

Lanoc the Destroyer (Deep Elf Conjurer)             Turns: 7136, Time: 00:10:35

Health: -7/45      AC:  6    Str: 14    XL:     9   Next: 11%
Magic:  10/15      EV: 13    Int: 36    God:    Cheibriados [****..]
Gold:   391        SH:  0    Dex: 23    Spells: 2/14 levels left

rFire   . . .      SeeInvis .    B - +10 long sword of the Sugar Beet {vorpal, Fly rPois Int-2 Stlth+}
rCold   . . .      Faith    .    (no shield)
rNeg    . . .      Spirit   .    a - +0 robe
rPois   +          Reflect  .    (no helmet)
rElec   .          Harm     .    (no cloak)
rCorr   .          Rampage  .    (no gloves)
Will    .....                    (no boots)
Stlth   ++++......               (no amulet)
HPRegen 0.27/turn                r - +4 ring of protection
MPRegen 0.14/turn                (no ring)

@: flying, very slow
A: no striking features
a: Renounce Religion, Bend Time, Temporal Distortion, Slouch


You were on level 8 of the Dungeon.
You worshipped Cheibriados.
Cheibriados was greatly pleased with you.
You visited 2 branches of the dungeon, and saw 9 of its levels.

You collected 391 gold pieces.

Inventory:

Hand Weapons
 B - the +10 long sword of the Sugar Beet (weapon) {vorpal, Fly rPois Int-2 Stlth+}
   (You found it on level 7 of the Dungeon)

   It inflicts extra damage upon your enemies.
   Int:       It affects your intelligence (-2).
   rPois:     It protects you from poison.
   Fly:       It grants you flight.
   Stlth:     It makes you more stealthy.
Armour
 a - a +0 robe (worn)
Jewellery
 r - a +4 ring of protection (left hand)
 x - a ring of flight
Wands
 b - a wand of charming (4)
 l - a wand of polymorph (8)
 z - a wand of roots (10)
Scrolls
 c - 2 scrolls of blinking {unknown}
 i - 4 scrolls of teleportation {unknown}
 k - 2 scrolls of noise {unknown}
 m - a scroll of immolation {unknown}
 o - a scroll of acquirement {unknown}
 q - a scroll of torment {unknown}
 t - 2 scrolls of magic mapping {unknown}
 u - 2 scrolls of butterflies {unknown}
 v - 2 scrolls of amnesia {unknown}
 y - a scroll of fear
 A - a scroll of enchant armour {unknown}
Potions
 d - 2 potions of heal wounds
 e - 2 potions of ambrosia
 f - 4 potions of curing {unknown}
 g - 5 potions of resistance {unknown}
 h - a potion of flight {unknown}
 j - 3 potions of cancellation {unknown}
 n - a potion of might
 p - 2 potions of lignification
 s - a potion of mutation
 w - 2 potions of magic


   Skills:
 - Level 2.4 Dodging
 - Level 2.4 Stealth
 - Level 3.0 Spellcasting
 + Level 13.7 Conjurations


You had 2 spell levels left.
You knew the following spells:

 Your Spells              Type           Power      Damage    Failure   Level
a - Magic Dart            Conj           100%       1d8       0%          1
b - Searing Ray           Conj           100%       2d8       1%          2
c - Iskenderun's Mystic   Conj/Tloc      53%        2d11      2%          4
d - Freezing Cloud        Conj/Ice/Air   19%        6-21      21%         5

Your spell library contained the following spells:

 Spells                   Type           Power      Damage    Failure   Level
 Dazzling Flash           Conj/Hex       100%       N/A       1%          3
 Fulminant Prism          Conj/Hex       26%        3d13      2%          4
 Ignite Poison            Fire/Tmut/Pois 5%         N/A       14%         3
 Kindle Blastsparks       Fire/Tloc/Air  10%        2d10      14%         3
 Simulacrum               Ice/Necr       2%         N/A       100%        6
 Polar Vortex             Ice            2%         N/A       100%        9


Dungeon Overview and Level Annotations

Branches:
Dungeon (8/15)             Temple (1/1) D:6
   Lair: D:8-11

Altars:
Cheibriados
Dithmenos
Okawaru
Qazlal
Ru
Sif Muna
Trog
Wu Jian
Yredelemnul
Zin
The Shining One

Shops:
D:8 !


Message History

The steam dragon hisses angrily.
The steam dragon breathes steam at you. The ball of steam misses you.
You hear a shout!
Casting: Magic Dart (safe; 0% risk of failure)
Confirm with . or Enter, or press ? or * to list all spells.
Aiming: Searing Ray (safe; 1% risk of failure)
Press: ? - help, Shift-Dir - straight line, f - steam dragon
Aim: a steam dragon (steam, catching its breath, 83% to hit)
The searing ray hits the steam dragon!
The steam dragon is moderately wounded. (Press . to maintain the ray.)
You are engulfed in a cloud of scalding steam.
You hit the steam dragon but do no damage.
The steam dragon is moderately wounded.
You are engulfed in a cloud of scalding steam.
The steam dragon misses you. The steam dragon claws you.
You hit the steam dragon.
The steam dragon is heavily wounded.
You are engulfed in a cloud of scalding steam.
The steam dragon bites you. The steam dragon claws you.
The steam dragon breathes steam at you. The ball of steam hits you!!
* * * LOW HITPOINT WARNING * * *
Casting: Searing Ray (safe; 1% risk of failure)
Confirm with . or Enter, or press ? or * to list all spells.
Aiming: Searing Ray (safe; 1% risk of failure)
Press: ? - help, Shift-Dir - straight line, f/p - steam dragon
Aim: a steam dragon (heavily wounded, catching its breath, 83% to hit)
The searing ray hits the steam dragon!
The steam dragon is severely wounded. (Press . to maintain the ray.)
The steam dragon bites you.
* * * LOW HITPOINT WARNING * * *
The steam dragon claws you but does no damage.
The searing ray hits the steam dragon!
The steam dragon is almost dead.
The steam dragon breathes steam at you. The ball of steam hits you!
You die...

§..§.....##
._........###
............##
...§§§#......####
.....##.........# ....#
#.........##
...####..##...§..# #
.........###...§###..##
..[......# #.###@..##.#
......... #..#.##D.####
........ ....#.##....#
.........###.....∩......
........ #......##....
...#.... #..##..###...
...#...( #..##....#...
.... .. #.......## ..


You could see a steam dragon (catching breath).

Vanquished Creatures
  A steam dragon (D:7)
  2 water moccasins
  3 ogres
  A black bear (D:6)
  3 centaurs (D:7)
  A phantom (D:4)
  2 kobold brigands
  4 necrophages
  2 scorpions
  A howler monkey (D:4)
  5 jellies
  3 hounds
  5 iguanas
  2 orc wizards (D:6)
  A gnoll (D:4)
  8 adders
  A shadow imp (D:6)
  2 white imps
  An ufetubus (D:6)
  2 worms (D:2)
  2 dart slugs
  16 orcs
  6 bats
  3 endoplasms (D:4)
  3 giant cockroaches
  7 goblins
  9 hobgoblins
  2 jackals (D:1)
  16 kobolds
  5 quokkas
  6 ball pythons
  4 frilled lizards
  7 rats
  A spectral goblin (D:1)
137 creatures vanquished.

Vanquished Creatures (others)
  2 plants (D:3)
2 creatures vanquished.

Grand Total: 139 creatures vanquished

Notes
Turn   | Place    | Note
-------+----------+-------------------------------------------
     0 | D:1      | Lanoc the Deep Elf Conjurer began the quest for the Orb.
     0 | D:1      | Reached XP level 1. HP: 10/10 MP: 6/6
    72 | D:1      | Found a faded altar of an unknown god.
    83 | D:1      | Prayed at the altar of an unknown god.
    83 | D:1      | Became a worshipper of Cheibriados the Contemplative
    83 | D:1      | Reached * piety under Cheibriados
   155 | D:1      | Reached XP level 2. HP: 15/15 MP: 0/8
   175 | D:1      | Reached skill level 5 in Conjurations
   449 | D:1      | Reached ** piety under Cheibriados
   615 | D:1      | Reached XP level 3. HP: 19/19 MP: 7/9
   618 | D:1      | Learned a level 2 spell: Searing Ray
  1320 | D:2      | Reached skill level 6 in Conjurations
  1663 | D:2      | Reached XP level 4. HP: 24/24 MP: 6/10
  1877 | D:3      | Found an ornate altar of the Wu Jian Council.
  2145 | D:3      | Found a stormy altar of Qazlal.
  2245 | D:3      | Found a bloodstained altar of Trog.
  2245 | D:3      | Found a glowing silver altar of Zin.
  2691 | D:4      | Noticed an ogre
  2695 | D:4      | Killed an ogre
  2696 | D:4      | Reached skill level 7 in Conjurations
  2696 | D:4      | Reached XP level 5. HP: 28/28 MP: 5/11
  2792 | D:4      | Reached *** piety under Cheibriados
  2805 | D:4      | Reached skill level 8 in Conjurations
  2805 | D:4      | Reached XP level 6. HP: 32/32 MP: 9/12
  3089 | D:4      | Reached skill level 9 in Conjurations
  3258 | D:4      | Reached XP level 7. HP: 27/36 MP: 3/13
  3577 | D:5      | Entered Level 5 of the Dungeon
  3830 | D:5      | Reached skill level 10 in Conjurations
  4136 | D:5      | Reached **** piety under Cheibriados
  4303 | D:5      | Found a basalt altar of Yredelemnul.
  4312 | D:5      | Found a shimmering blue altar of Sif Muna.
  4480 | D:6      | Reached skill level 11 in Conjurations
  4480 | D:6      | Reached XP level 8. HP: 41/41 MP: 8/14
  4537 | D:6      | Learned a level 4 spell: Iskenderun's Mystic Blast
  4924 | D:6      | Reached skill level 12 in Conjurations
  5400 | D:6      | Found a staircase to the Ecumenical Temple.
  5410 | Temple   | Entered the Ecumenical Temple
  6230 | D:7      | Reached skill level 13 in Conjurations
  6482 | D:7      | Reached XP level 9. HP: 45/45 MP: 7/15
  6624 | D:7      | Learned a level 5 spell: Freezing Cloud
  6752 | D:7      | Identified the +10 long sword of the Sugar Beet {vorpal,
                  | Fly rPois Int-2 Stlth+}
  7063 | D:8      | Found a shadowy altar of Dithmenos.
  7127 | D:8      | Found Etuelacw's Distillery.
  7135 | D:8      | HP: 2/45 [steam dragon (6)]
  7136 | D:8      | Killed from afar by a steam dragon

Illustrated notes

Levels and vault maps discovered:
D:1:      evilmike_arrival_rings, layout_rooms,
          dreamdust_ecumenical_altar_drowned_temple
D:2:      layout_basic, chequers_serial_rivers_room_a
D:3:      layout_basic, gammafunk_temple_overflow_elements,
          mainiacjoe_overflow_concentric_impassable,
          mainiacjoe_overflow_boulevard, minmay_misc_feat_doors
D:4:      layout_basic, st_stairs_6
D:5:      layout_cave_pools, mainiacjoe_overflow_swirl
D:6:      layout_layer_cave, minmay_temple_entry_large_hall
D:7:      hellmonk_destroyed_diamonds, layout_loops_ring
D:8:      layout_cave_pools, nicolae_gozag_seed_capital,
          nicolae_dithmenos_the_darkroom, serial_shops, nicolae_square_shop,
          uniq_erica, uniq_joseph
Temple:   nicolae_temple_bog_church

Skill      XL: |  1  2  3  4  5  6  7  8 |
---------------+-------------------------+-----
Conjurations   | 5 6 7 8 9 11 13 | 13.7
Dodging        | |  2.4
Stealth        | |  2.4
Spellcasting   | |  3.0

Action                   |  1- 3 |  4- 6 |  7- 9 || total
-------------------------+-------+-------+-------++-------
Melee: Long sword        |       |       |     2 ||     2
 Cast: Magic Dart        |    81 |    69 |    41 ||   191
       Searing Ray       |     1 |    15 |    41 ||    57
  Use: Potion            |       |     1 |       ||     1
       Scroll            |       |     2 |     6 ||     8
Armor: Robe              |     1 |     1 |    13 ||    15
Dodge: Dodged            |     8 |     6 |    30 ||    44

Table legend: (Time is in decaauts)
 A = Elapsed time spent in this place.
 B = Non-inter-level travel time spent in this place.
 C = Inter-level travel time spent in this place.
 D = Time resting spent in this place.
 E = Time spent auto-exploring this place.
 F = Levels seen in this place.
 G = Mean time per level.
                   A        B        C        D        E       F      G
               +--------+--------+--------+--------+--------+-----+--------+
         Total |   9575 |   9300 |    275 |     35 |   8365 |   9 | 1063.9 |
       Dungeon |   9573 |   9298 |    275 |     35 |   8365 |   8 | 1196.6 |
        Temple |      1 |      1 |      0 |      0 |      0 |   1 |    1.0 |
               +--------+--------+--------+--------+--------+-----+--------+

Top non-repeatable levels by time:
     D:6: 2420 daAuts
     D:7: 1408 daAuts
     D:2: 1289 daAuts
     D:4: 1109 daAuts
     D:3: 1094 daAuts
     D:5: 1088 daAuts
     D:1: 1057 daAuts
     D:8: 104 daAuts
  Temple: 1 daAuts
